Map: Troizinia LE

Players

yoyomuddy

  • Race: Zerg Zerg
  • League: Platinum
  • Spawn Location: 11:00

Mrgonakillya

  • Race: Zerg Zerg
  • Spawn Location: 11:00

NepaliPride

  • Race: Terran Terran
  • Spawn Location: 12:00

Darkle

  • Race: Protoss Protoss
  • Spawn Location: 9:00

ONEVSMANY - Winner!

  • Race: Protoss Protoss
  • League: Platinum
  • Spawn Location: 5:00

DoomsDay - Winner!

  • Race: Terran Terran
  • Spawn Location: 3:00

JaySlays - Winner!

  • Race: Protoss Protoss
  • Spawn Location: 5:00

Wolf - Winner!

  • Race: Zerg Zerg
  • League: Diamond
  • Spawn Location: 6:00

VOD

Have the link to the VOD?

Description

Time

  • Played on: April 20, 2018, 11:22 p.m.
  • Length: 19:59
Show
View Real Time Build Order
Export as new Build Order

yoyomuddy Zerg 

Build Orders: Pool First 

Get SALT Encoding   

  12  0:01  Drone  
  13  0:10  Drone  
  14  0:17  Extractor, Drone  
  14  0:34  Spawning Pool  
  13  0:40  Overlord  
  13  0:54  Drone  
  14  0:59  Drone  
  15  1:21  Zergling x6  
  15  1:23  Metabolic Boost  
  19  1:32  Zergling x2  
  19  1:44  Zergling x2  
  20  1:50  Hatchery  
  19  1:56  Zergling x2  
  20  2:07  Zergling x2  
  21  2:21  Zergling x2  
  22  2:44  Overlord  
  21  2:56  Queen  
  22  3:03  Zergling x6  
  25  3:05  Queen, Zergling x2  
  27  3:25  Drone  
  27  3:26  Drone  
  29  3:29  Evolution Chamber  
  29  3:30  Drone x2  
  30  3:36  Drone x2  
  32  3:51  Drone  
  32  3:52  Drone  
  28  4:12  Spine Crawler  
  20  4:39  Drone  
  20  4:40  Drone  
  20  4:41  Hatchery  
  21  4:51  Drone x2  
  23  4:54  Drone  
  24  5:00  Queen  
  24  5:06  Zergling x4  
  24  5:07  Zergling x4  
  30  5:09  Overlord  
  30  5:20  Zerg Melee Weapons Level 1  
  30  5:25  Overlord  
  30  5:40  Zergling x4  
  30  5:41  Zergling x4  
  33  5:54  Burrow  
  33  5:59  Drone  
  33  6:02  Drone x2  
  36  6:04  Drone  
  34  6:20  Drone  
  34  6:21  Drone x4  
  34  6:24  Extractor  
  34  6:43  Drone x2  
  34  6:45  Extractor x2  
  34  6:50  Evolution Chamber  
  33  6:54  Drone  
  33  6:57  Drone x3  
  33  6:58  Drone  
  38  7:05  Spine Crawler  
  38  7:07  Zergling x2  
  38  7:08  Zergling x6  
  41  7:10  Zergling x4  
  41  7:11  Queen  
  45  7:17  Zergling x2  
  45  7:21  Queen  
  48  7:28  Zergling x2  
  48  7:29  Zergling x4  
  51  7:44  Spine Crawler  
  51  7:47  Spine Crawler, Queen  
  51  7:56  Zerg Ground Armor Level 1  
  51  8:15  Hatchery  
  51  8:17  Zergling x2  
  51  8:18  Overlord x3  
  49  9:01  Lair  
  45  9:13  Zergling x12  
  45  9:14  Zergling x12  
  45  9:16  Zergling x2  
  45  9:17  Zergling x4  
  56  9:38  Zergling x4  
  58  9:39  Zergling x8  
  62  9:46  Zergling x8  
  63  10:16  Zergling x4  
  63  10:17  Zergling x6  
  63  10:18  Zergling x10  
  59  10:36  Zergling x6  
  59  10:44  Zerg Ground Armor Level 2, Zerg Melee Weapons Level 2  
  59  10:50  Drone x3, Queen, Nydus Network  
  59  10:52  Infestation Pit  
  57  11:14  Zergling x2  
  57  11:15  Zergling x8  
  57  11:17  Zergling x10  
  57  11:18  Zergling x8  
  70  11:21  Drone x2  
  72  11:26  Queen  
  74  11:34  Drone x2  
  74  11:35  Drone  
  74  11:36  Drone x2  
  79  11:46  Nydus Canal  
  79  11:52  Nydus Network  
  78  11:56  Drone  
  78  11:57  Drone  
  80  12:04  Nydus Canal  
  75  12:19  Roach Warren  
  75  12:20  Drone x2  
  73  12:33  Hatchery  
  70  12:37  Nydus Canal  
  70  12:39  Zergling x4  
  70  12:40  Zergling x10  
  70  12:43  Hive  
  70  12:44  Drone x3  
  79  12:47  Drone  
  81  13:12  Overlord x2  
  81  13:13  Overlord  
  81  13:30  Nydus Canal  
  65  13:47  Nydus Canal  
  65  13:48  Zergling x6  
  65  13:49  Zergling x6  
  71  13:57  Ultralisk Cavern  
  71  13:58  Zerg Melee Weapons Level 3  
  71  14:00  Adrenal Glands  
  68  14:17  Nydus Canal  
  67  14:26  Zergling x6  
  67  14:27  Zergling x8  
  67  14:28  Zergling x16  
  67  14:29  Zergling x4  
  82  14:36  Nydus Canal  
  82  14:38  Nydus Canal  
  77  14:58  Drone x3, Queen  
  81  15:13  Ultralisk x3  
  99  15:17  Ultralisk  
  99  15:18  Zergling x10  
  110  15:23  Nydus Canal  
  109  15:28  Extractor, Zergling x4  
  109  15:29  Zergling x2  
  109  15:30  Extractor  
  58  16:21  Zergling x4  
  58  16:22  Zergling x6  
  58  16:23  Zergling x8  
  58  16:24  Zergling x6  
  69  16:28  Nydus Canal  
  69  16:32  Zergling x8  
  73  16:33  Zergling x14  
  50  17:07  Zergling x6  
Show
View Real Time Build Order
Export as new Build Order

Mrgonakillya Zerg 

Build Orders: Hatch First, Lurkers 

Get SALT Encoding   

  12  0:01  Drone  
  13  0:08  Drone  
  14  0:18  Overlord  
  14  0:25  Extractor, Drone  
  14  0:37  Drone x2  
  16  0:44  Drone  
  17  1:02  Hatchery  
  16  1:04  Drone  
  17  1:14  Drone  
  18  1:24  Spawning Pool  
  18  1:25  Drone  
  18  1:31  Drone  
  19  1:39  Drone  
  20  1:49  Drone  
  21  2:01  Drone  
  22  2:07  Extractor  
  21  2:10  Drone  
  21  2:13  Queen  
  21  2:15  Queen, Metabolic Boost  
  26  2:18  Drone  
  26  2:21  Drone  
  28  2:31  Overlord  
  28  2:32  Overlord  
  28  2:47  Overlord  
  28  2:50  Drone x2  
  30  2:55  Extractor  
  30  2:56  Extractor  
  30  2:57  Drone  
  30  2:58  Lair  
  29  3:01  Drone  
  30  3:08  Drone  
  30  3:11  Drone  
  32  3:15  Drone  
  33  3:21  Evolution Chamber  
  33  3:24  Drone x3  
  35  3:27  Drone  
  35  3:31  Drone  
  35  3:33  Drone  
  38  3:38  Evolution Chamber  
  37  3:41  Drone  
  37  3:44  Drone  
  37  3:47  Drone  
  40  3:59  Hydralisk Den  
  39  4:03  Spine Crawler  
  39  4:07  Zergling x4  
  39  4:08  Zergling x2  
  41  4:12  Spine Crawler  
  40  4:18  Zerg Missile Weapons Level 1  
  40  4:24  Zerg Ground Armor Level 1  
  40  4:26  Drone  
  41  4:32  Grooved Spines  
  41  4:41  Drone x3  
  41  4:42  Drone  
  41  4:44  Drone  
  46  4:47  Drone  
  46  4:49  Drone  
  48  4:58  Hydralisk  
  48  4:59  Lurker Den  
  49  5:03  Drone  
  47  5:14  Hydralisk  
  47  5:16  Hydralisk  
  51  5:44  Overlord  
  51  5:46  Overlord  
  51  5:49  Overlord x2  
  51  6:02  Hydralisk x4  
  59  6:10  Hydralisk  
  59  6:11  Hydralisk x6  
  61  6:14  Muscular Augments  
  61  6:16  Zerg Missile Weapons Level 2  
  73  6:24  Zerg Ground Armor Level 2  
  73  6:28  Lurker x2  
  73  6:30  Lurker  
  73  6:32  Lurker  
  77  6:39  Hydralisk x2  
  81  6:43  Hydralisk  
  83  7:01  Overlord  
  83  7:02  Overlord  
  83  7:04  Overlord  
  83  7:30  Hydralisk x4  
  83  7:31  Hydralisk x5  
  101  7:46  Hydralisk  
  101  7:47  Hydralisk  
  101  7:49  Hydralisk  
  107  8:08  Hatchery  
  97  8:26  Hydralisk x3  
  92  8:27  Hydralisk x5  
  92  8:28  Hydralisk  
  108  8:50  Overlord x2  
  79  9:32  Lurker x2  
  79  9:45  Hydralisk  
  79  9:46  Hydralisk x6  
  79  9:47  Drone, Hydralisk  
  79  9:48  Drone x2  
  79  9:49  Hydralisk  
  79  9:50  Hydralisk x3  
  83  10:15  Hydralisk  
  83  10:16  Hydralisk x3  
  83  10:17  Drone x2  
  93  10:23  Hydralisk x3  
  93  10:24  Hydralisk x2  
  94  10:29  Hatchery  
  93  10:36  Drone  
  93  10:37  Drone  
  93  10:38  Hydralisk x3  
  93  10:40  Drone  
  93  10:42  Drone  
  103  10:48  Hydralisk  
  105  10:53  Hydralisk  
  107  11:00  Extractor x2  
  107  11:01  Lurker x3  
  109  11:04  Drone  
  109  11:05  Drone  
  110  11:15  Drone  
  110  11:17  Drone x2  
  113  11:26  Drone  
  113  11:31  Spine Crawler  
  113  11:32  Lurker x2  
  115  11:33  Hydralisk x3  
  115  11:34  Hydralisk  
  115  11:39  Hydralisk  
  125  11:47  Drone  
  125  11:48  Queen  
  99  12:31  Drone x2  
  99  12:32  Drone x3  
  99  12:33  Drone  
  103  12:43  Drone  
  104  12:48  Drone x3  
  104  12:49  Drone x5  
  112  12:52  Extractor x2  
  112  12:53  Spine Crawler  
  112  12:55  Hydralisk x3  
  112  12:56  Hydralisk  
  112  12:57  Hydralisk x3  
  123  13:03  Infestation Pit  
  99  13:12  Spine Crawler x2  
  95  13:13  Hydralisk x4  
  95  13:17  Hydralisk x3  
  108  13:29  Lurker x2  
  108  13:32  Lurker  
  108  13:33  Lurker  
  112  13:34  Hydralisk x2  
  112  13:35  Hydralisk  
  112  13:36  Hydralisk x3  
  112  13:37  Hydralisk x2  
  125  13:50  Drone x2  
  125  13:51  Drone x2  
  125  13:53  Drone  
  125  13:54  Drone  
  131  14:00  Overseer x2  
  96  14:24  Hydralisk  
  96  14:25  Hydralisk x6  
  96  14:26  Hydralisk  
  96  14:28  Lurker x2  
  96  14:29  Lurker x2  
  96  14:30  Hive  
  116  14:34  Drone x3  
  119  14:41  Hydralisk  
  119  14:43  Hydralisk x2  
  125  15:03  Hydralisk x3  
  125  15:04  Hydralisk x2  
  95  15:25  Hydralisk x2  
  86  15:33  Hydralisk x5  
  86  15:34  Hydralisk  
  94  15:39  Hydralisk Den  
  80  15:55  Drone  
  80  15:56  Drone x2  
  69  16:07  Hydralisk  
  69  16:08  Hydralisk x2  
  45  16:33  Hydralisk x3  
  50  16:42  Lurker Den  
  49  16:57  Hydralisk x2  
Show
View Real Time Build Order
Export as new Build Order

NepaliPride Terran 

Build Orders:  

Get SALT Encoding   

  12  0:03  SCV  
  13  0:20  Supply Depot, SCV  
  14  0:34  SCV  
  15  0:46  SCV  
  15  0:48  Refinery  
  16  0:58  Barracks, SCV  
  17  1:10  SCV  
  18  1:12  Supply Depot  
  18  1:23  SCV  
  19  1:34  Barracks  
  19  1:45  Supply Depot  
  19  1:47  SCV  
  20  2:00  SCV  
  20  2:01  Reaper  
  22  2:12  SCV  
  23  2:23  Bunker  
  23  2:33  Marine  
  24  2:38  Refinery  
  24  2:46  Command Center  
  24  2:50  Marine  
  24  2:51  Marine  
  26  3:02  Engineering Bay  
  26  3:08  Marine  
  26  3:09  Marine  
  28  3:14  Bunker  
  28  3:21  SCV  
  28  3:26  Marine x2  
  31  3:33  SCV  
  32  3:44  Marine, Reaper  
  32  3:45  SCV  
  35  3:58  SCV  
  35  4:02  Marine, Ghost Academy  
  37  4:10  SCV  
  37  4:16  Reaper  
  37  4:20  Reaper  
  37  4:48  Reaper  
  37  5:11  SCV  
  38  5:18  Marine  
  40  5:23  SCV  
  40  5:24  Barracks Tech Lab  
  40  5:32  Factory  
  40  5:35  SCV  
  40  5:36  Marine  
  36  5:47  SCV  
  37  5:53  Marine  
  38  6:00  SCV  
  39  6:05  Bunker  
  39  6:11  Marine  
  40  6:25  Factory Tech Lab  
  40  6:29  Marine  
  40  6:31  Armory  
  41  6:47  SCV  
  42  6:59  SCV  
  43  7:11  SCV  
  37  7:19  Thor  
  37  7:23  SCV  
  38  7:35  SCV  
  39  8:02  Reaper, Thor  
  42  8:27  Starport  
  42  8:34  Reaper  
  42  8:37  Ghost  
  45  8:58  Refinery  
  45  9:05  Refinery  
  45  9:06  Reaper  
  46  9:15  Widow Mine  
  49  9:24  SCV  
  49  9:36  SCV, Widow Mine  
  52  9:38  Reaper  
  52  9:40  Nuke  
  53  9:48  SCV  
  54  11:13  Supply Depot  
  54  11:22  Supply Depot, Ghost  
  54  11:23  Reaper, SCV, Widow Mine  
  54  11:24  Supply Depot  
  54  11:35  SCV  
  49  12:05  Thor  
  55  12:38  Personal Cloaking  
  55  12:48  SCV, Thor  
  62  13:00  SCV  
  63  13:08  Starport Tech Lab  
  63  13:13  SCV  
  64  13:20  Marauder  
  64  13:25  SCV  
  67  13:28  Supply Depot  
  67  13:31  Supply Depot, Thor  
  73  13:37  SCV  
  74  13:42  Marauder  
  52  14:03  Marauder  
  46  14:13  Thor  
Show
View Real Time Build Order
Export as new Build Order

Darkle Protoss 

Build Orders:  

Get SALT Encoding   

  12  0:04  Probe  
  13  0:17  Probe  
  14  0:30  Probe  
  14  0:35  Pylon  
  15  0:43  Pylon  
  15  0:54  Pylon  
  15  0:59  Probe  
  17  1:11  Probe  
  17  1:12  Gateway  
  18  1:25  Probe  
  18  1:32  Assimilator  
  18  1:37  Probe  
  19  1:43  Forge  
  19  1:49  Probe  
  20  2:02  Probe  
  21  2:14  Probe  
  22  2:26  Probe  
  22  2:27  Zealot  
  25  2:46  Nexus  
  25  2:49  Pylon  
  25  2:54  Zealot  
  27  3:08  Assimilator  
  27  3:21  Zealot  
  29  3:40  Pylon  
  29  3:44  Pylon  
  29  3:47  Pylon  
  29  3:48  Zealot  
  31  3:58  Pylon  
  31  4:15  Zealot  
  33  4:24  Photon Cannon  
  33  4:26  Photon Cannon  
  33  4:28  Photon Cannon  
  33  4:43  Zealot  
  35  4:51  Photon Cannon  
  35  4:53  Photon Cannon  
  35  5:09  Cybernetics Core  
  35  5:10  Zealot  
  37  5:15  Probe  
  38  5:27  Probe  
  39  5:37  Zealot  
  39  5:39  Probe  
  42  5:51  Probe  
  43  6:04  Zealot  
  45  6:11  Twilight Council  
  45  6:18  Stargate  
  45  6:23  Robotics Facility  
  45  6:31  Zealot  
  47  6:51  Probe  
  48  6:58  Stalker  
  50  7:12  Void Ray  
  54  7:23  Immortal  
  54  7:28  Adept  
  34  7:55  Stalker, Void Ray  
  40  8:02  Immortal  
  36  8:25  Adept  
  38  8:38  Void Ray  
  42  8:42  Immortal  
  46  8:52  Stalker  
  48  8:57  Nexus  
  48  9:21  Immortal, Void Ray  
  48  9:22  Adept  
  58  9:49  Zealot  
  60  10:09  Immortal, Void Ray  
  68  10:16  Zealot  
  70  10:22  Pylon  
  70  10:28  Pylon  
  65  10:43  Zealot  
  65  11:09  Void Ray  
  69  11:11  Immortal  
  69  11:14  Zealot  
  51  11:41  Zealot  
  53  11:51  Immortal  
  53  11:52  Void Ray  
  61  12:02  Probe  
  62  12:10  Probe  
  62  12:14  Probe  
  64  12:21  Assimilator  
  65  12:22  Probe  
  65  12:30  Immortal  
  65  12:54  Probe  
  58  13:06  Probe  
  59  13:15  Probe  
  59  13:18  Probe  
  61  13:27  Probe, Zealot  
  63  13:31  Immortal  
  68  13:37  Protoss Shields Level 1  
  68  13:54  Adept  
  70  14:00  Fleet Beacon  
  70  14:07  Probe  
  71  14:18  Probe  
  71  14:19  Probe  
  73  14:45  Carrier  
  79  15:00  Probe  
  54  16:02  Sentry  
  40  16:08  Immortal  
Show
View Real Time Build Order
Export as new Build Order

ONEVSMANY Protoss - Winner!

Build Orders:  

Get SALT Encoding   

  12  0:01  Probe  
  13  0:16  Probe  
  13  0:17  Pylon  
  14  0:24  Probe  
  15  0:32  Probe  
  16  0:46  Probe  
  16  0:49  Gateway  
  17  0:58  Probe  
  17  1:04  Gateway  
  18  1:10  Probe  
  19  1:17  Pylon  
  19  1:19  Probe, Assimilator  
  19  1:21  Assimilator  
  20  1:27  Probe  
  21  1:40  Cybernetics Core  
  21  1:46  Zealot  
  23  1:50  Probe  
  24  2:02  Probe  
  27  2:10  Probe  
  28  2:18  Pylon, Probe  
  27  2:27  Pylon  
  27  2:32  Pylon  
  27  2:36  Probe  
  28  2:48  Probe  
  28  2:51  Zealot  
  29  2:54  Pylon  
  29  3:01  Probe  
  30  3:10  Nexus  
  30  3:17  Probe  
  31  3:29  Probe, Adept  
  31  3:32  Adept  
  36  3:34  Warp Gate  
  36  3:42  Probe  
  36  3:44  Pylon  
  37  3:54  Probe  
  38  4:06  Probe  
  39  4:11  Gateway  
  39  4:16  Forge  
  39  4:17  Gateway  
  39  4:18  Probe  
  38  4:27  Adept x2  
  38  4:30  Probe  
  41  4:42  Probe  
  42  4:54  Stalker x2  
  42  4:55  Probe  
  42  4:56  Probe  
  42  4:58  Protoss Ground Weapons Level 1  
  46  5:03  Stalker  
  46  5:05  Stalker  
  50  5:08  Probe  
  50  5:13  Probe  
  52  5:15  Assimilator  
  52  5:19  Assimilator  
  52  5:20  Probe  
  53  5:23  Pylon  
  53  5:24  Stalker x2  
  53  5:25  Probe  
  58  5:29  Twilight Council  
  58  5:31  Forge  
  58  5:36  Probe  
  58  5:37  Probe  
  60  5:48  Probe  
  60  5:49  Probe  
  62  6:00  Probe  
  63  6:04  Nexus  
  63  6:05  Stalker x3  
  63  6:08  Blink  
  69  6:22  Pylon  
  69  6:27  Pylon  
  69  6:31  Pylon  
  69  6:34  Pylon  
  69  6:39  Pylon  
  69  6:41  Stalker x3  
  69  6:42  Assimilator  
  69  6:45  Assimilator  
  69  6:46  Stalker  
  77  6:50  Protoss Ground Armor Level 1  
  77  6:52  Probe x2  
  73  7:34  Probe x3  
  76  7:46  Probe x2  
  76  7:47  Probe  
  76  7:50  Nexus  
  79  7:53  Pylon  
  79  7:55  Pylon  
  79  7:58  Probe x2  
  81  7:59  Probe  
  81  8:04  Gateway, Forge  
  81  8:05  Forge  
  82  8:06  Gateway  
  82  8:08  Gateway  
  82  8:10  Probe x2  
  82  8:11  Probe  
  83  8:13  Stalker  
  83  8:14  Stalker x2  
  83  8:15  Stalker  
  83  8:22  Probe x2  
  83  8:23  Probe  
  72  8:38  Stalker x2  
  72  8:39  Stalker x2  
  72  8:40  Protoss Ground Weapons Level 2  
  80  8:44  Protoss Shields Level 1  
  80  8:45  Protoss Ground Armor Level 2  
  80  8:49  Probe  
  80  8:50  Probe x2  
  83  9:01  Probe  
  83  9:02  Probe x2  
  86  9:13  Probe  
  86  9:14  Probe x2  
  79  9:25  Probe  
  79  9:26  Probe x2  
  76  9:32  Stalker x4  
  76  9:36  Probe  
  76  9:38  Probe x3  
  88  9:47  Robotics Facility  
  88  9:48  Probe  
  88  9:50  Probe x3, Robotics Facility  
  88  9:51  Photon Cannon  
  92  9:56  Photon Cannon  
  92  10:00  Probe  
  92  10:02  Probe x3  
  96  10:09  Photon Cannon  
  96  10:10  Gateway  
  96  10:11  Gateway  
  96  10:12  Probe, Assimilator  
  96  10:13  Gateway  
  96  10:14  Probe x3, Gateway, Assimilator  
  96  10:15  Gateway, Photon Cannon  
  96  10:16  Gateway  
  96  10:17  Gateway  
  96  10:19  Gateway  
  84  10:24  Probe  
  84  10:26  Stalker x2  
  85  10:43  Protoss Shields Level 2  
  85  10:52  Observer x2  
  85  10:55  Stalker x2  
  85  10:56  Stalker x2  
  95  11:13  Immortal, Observer  
  98  11:27  Stalker  
  98  11:28  Stalker x3  
  98  11:29  Stalker x4  
  98  11:30  Stalker x3  
  98  11:31  Stalker  
  122  11:34  Immortal  
  126  11:51  Dark Shrine  
  126  11:55  Robotics Bay  
  124  12:01  Photon Cannon  
  124  12:04  Photon Cannon  
  122  12:20  Zealot x2  
  122  12:21  Zealot x3  
  122  12:22  Zealot x5  
  142  12:23  Zealot x3  
  144  12:41  Protoss Ground Armor Level 3, Protoss Ground Weapons Level 3  
  144  12:43  Colossus x2  
  156  13:00  Pylon  
  156  13:06  Pylon  
  156  13:12  Pylon  
  156  13:20  Dark Templar x3  
  156  13:21  Dark Templar  
  156  13:23  Pylon  
  156  13:24  Dark Templar x2  
  156  13:25  Dark Templar x2  
  172  13:29  Pylon  
  172  13:36  Colossus  
  176  13:50  Charge  
  120  14:31  Zealot x2  
  120  14:32  Zealot x2  
  120  14:33  Zealot x6  
  120  14:34  Zealot x2  
  120  14:35  Zealot  
  144  14:58  Zealot x6  
  144  14:59  Zealot x5  
  163  15:00  Zealot x2  
  139  15:25  Zealot  
  139  15:26  Zealot x5  
  139  15:27  Zealot x3  
  139  15:28  Dark Templar x4  
  147  15:40  Protoss Shields Level 3  
  135  16:19  Pylon  
  135  16:20  Nexus  
  135  16:24  Assimilator  
  135  16:25  Pylon, Assimilator  
  135  16:27  Pylon  
  135  16:35  Stalker  
  135  16:36  Stalker  
  135  16:37  Zealot x3  
  135  16:38  Dark Templar x5  
  135  16:39  Dark Templar x3  
  161  16:44  Probe x4  
  165  16:56  Probe x4  
  165  17:00  Zealot x3  
  165  17:01  Zealot x2  
  179  17:03  Colossus x2  
  187  17:22  Dark Templar x3  
  189  17:23  Dark Templar x3  
  189  17:24  Dark Templar  
  199  17:39  Nexus  
  199  17:43  Assimilator  
  199  17:47  Assimilator  
  199  18:41  Stargate x2  
  199  18:44  Stargate x2  
  199  18:45  Stargate  
  199  18:46  Stargate  
  199  18:49  Pylon  
  199  18:51  Pylon  
  199  18:55  Pylon  
  199  18:56  Pylon  
  121  19:27  Phoenix x4  
Show
View Real Time Build Order
Export as new Build Order

DoomsDay Terran - Winner!

Build Orders: Mech 

Get SALT Encoding   

  12  0:01  SCV  
  13  0:13  SCV  
  14  0:21  Supply Depot  
  14  0:25  SCV  
  15  0:47  Barracks  
  15  0:48  SCV  
  16  0:56  Supply Depot  
  16  1:01  SCV  
  17  1:12  Refinery  
  17  1:13  SCV  
  18  1:21  Supply Depot  
  18  1:25  SCV  
  19  1:34  Marine  
  19  1:37  Bunker  
  19  1:39  SCV  
  21  1:52  Marine  
  21  1:53  Orbital Command  
  22  1:58  Refinery  
  22  2:01  Engineering Bay  
  22  2:09  Marine  
  23  2:25  SCV  
  23  2:27  Marine  
  25  2:45  Marine  
  26  3:03  Marine  
  27  3:16  Factory  
  27  3:19  Missile Turret  
  27  3:21  Marine  
  28  3:37  Missile Turret  
  28  3:46  Sensor Tower  
  28  4:02  Command Center  
  28  4:17  Armory  
  28  4:21  Factory, SCV  
  28  4:22  Factory Tech Lab  
  29  4:27  Factory  
  29  4:40  Supply Depot  
  29  4:45  Supply Depot, Siege Tank  
  32  5:05  Factory Tech Lab  
  32  5:16  Factory Tech Lab  
  32  5:26  Thor  
  38  5:43  Thor  
  44  6:18  Planetary Fortress  
  44  6:42  Thor  
  50  6:50  SCV  
  51  7:02  SCV  
  51  7:07  Missile Turret  
  51  7:08  Refinery  
  52  7:09  Missile Turret  
  52  7:10  Missile Turret  
  52  7:11  Refinery  
  52  7:17  Thor  
  58  7:39  SCV x2  
  60  7:45  Terran Vehicle Weapons Level 1  
  60  7:51  SCV x2  
  62  8:00  Supply Depot  
  62  8:02  Supply Depot  
  62  8:04  Supply Depot  
  62  8:05  Supply Depot  
  62  8:08  Starport  
  62  8:13  Siege Tank  
  65  8:27  Factory  
  65  8:40  Thor  
  71  8:58  Siege Tank, Thor  
  80  9:07  Starport Tech Lab  
  80  9:21  SCV  
  80  9:22  SCV  
  80  9:23  Siege Tank  
  85  9:49  Factory Tech Lab  
  85  9:58  Terran Vehicle Weapons Level 2  
  82  10:31  Thor  
  82  10:32  Siege Tank  
  88  10:37  Sensor Tower  
  87  11:19  Thor  
  87  11:21  Thor  
  99  11:26  Raven  
  101  11:57  Supply Depot  
  101  12:00  Supply Depot  
  101  12:01  Supply Depot  
  101  12:02  Supply Depot  
  101  12:14  Terran Vehicle And Ship Armor Level 1  
  101  12:20  Supply Depot  
  89  12:32  Thor x3  
  106  13:52  Command Center  
  106  15:25  Thor x4  
  130  15:29  Raven  
  132  16:08  Thor x2  
  118  16:13  Thor x2  
  91  17:04  Thor x2  
  91  17:05  Siege Tank  
  106  17:16  Terran Vehicle Weapons Level 3  
  106  18:13  Orbital Command  
  106  18:23  Viking  
  108  18:50  Refinery x2  
  108  18:53  Viking  
  110  19:23  Viking  
Show
View Real Time Build Order
Export as new Build Order

JaySlays Protoss - Winner!

Build Orders: 1 Gate Expand 

Get SALT Encoding   

  12  0:01  Probe  
  13  0:13  Probe  
  14  0:25  Probe  
  14  0:26  Pylon  
  15  0:44  Probe  
  15  0:46  Gateway  
  16  0:56  Probe  
  17  1:06  Probe, Assimilator  
  18  1:13  Assimilator  
  18  1:14  Probe  
  18  1:22  Probe  
  20  1:32  Nexus  
  20  1:38  Probe  
  21  1:50  Cybernetics Core  
  21  1:52  Probe  
  22  2:04  Probe  
  23  2:12  Pylon  
  23  2:22  Adept  
  23  2:26  Warp Gate  
  23  2:30  Probe  
  26  2:43  Gateway  
  26  2:44  Gateway  
  26  2:48  Adept  
  28  3:09  Probe x2  
  30  3:18  Probe  
  30  3:21  Probe  
  30  3:26  Probe  
  32  3:31  Adept x3  
  32  3:33  Probe  
  40  3:36  Pylon  
  40  3:44  Twilight Council  
  40  3:48  Probe  
  40  3:51  Probe  
  42  3:56  Probe  
  42  3:59  Gateway  
  43  4:03  Probe  
  43  4:06  Probe  
  43  4:09  Adept  
  47  4:14  Resonating Glaives  
  47  4:25  Forge  
  47  4:36  Probe  
  47  4:37  Probe  
  49  4:39  Assimilator  
  49  4:47  Robotics Facility  
  49  4:49  Probe x2  
  51  4:52  Adept  
  53  5:00  Pylon  
  53  5:02  Pylon  
  53  5:05  Protoss Ground Weapons Level 1  
  53  5:06  Probe  
  54  5:11  Assimilator  
  54  5:18  Probe  
  54  5:19  Pylon  
  55  5:21  Pylon  
  55  5:23  Adept x3  
  55  5:24  Adept  
  63  5:35  Warp Prism  
  65  5:52  Gateway  
  65  5:53  Gateway  
  65  5:55  Gateway  
  65  6:13  Observer  
  66  6:19  Adept x4  
  66  6:22  Probe x2  
  76  6:31  Forge  
  76  6:34  Probe  
  77  6:44  Adept x3  
  77  6:45  Adept  
  85  6:54  Pylon  
  85  6:55  Pylon  
  85  6:58  Pylon  
  85  7:06  Protoss Ground Weapons Level 2  
  85  7:11  Protoss Ground Armor Level 1  
  83  7:23  Adept x4  
  83  7:24  Adept x3  
  97  7:33  Immortal  
  101  7:48  Adept x4  
  109  7:58  Pylon  
  107  7:59  Pylon  
  107  8:01  Pylon  
  107  8:03  Pylon  
  107  8:18  Zealot  
  107  8:19  Zealot x4  
  107  8:20  Zealot  
  63  8:42  Adept x5  
  63  8:43  Adept x2  
  77  8:51  Gateway  
  77  8:52  Templar Archives  
  73  8:58  Protoss Ground Armor Level 2  
  73  9:14  Observer  
  64  9:27  Adept x5  
  64  9:28  Adept x2  
  62  9:35  Observer  
  62  9:38  Charge  
  63  9:40  Protoss Ground Weapons Level 3  
  55  10:17  Adept x5  
  55  10:18  Adept x2  
  67  10:33  Immortal  
  59  10:47  High Templar x5  
  59  10:48  High Templar x2  
  77  10:57  Gateway  
  77  11:02  Gateway  
  77  11:03  Immortal, Archon x2  
  77  11:04  Archon  
  77  11:05  High Templar  
  79  11:13  Archon  
  81  11:34  Protoss Shields Level 1  
  81  11:39  Zealot x5  
  91  11:40  Zealot x3  
  97  12:27  Nexus  
  97  12:32  Pylon  
  97  12:34  Pylon  
  97  12:44  Zealot x4  
  99  12:45  Zealot  
  89  13:05  Photon Cannon  
  89  13:07  Photon Cannon  
  89  13:10  Photon Cannon  
  89  13:11  Photon Cannon  
  89  13:13  Photon Cannon, High Templar x7  
  89  13:14  High Templar  
  89  13:16  Photon Cannon  
  89  13:17  Archon x3  
  89  13:18  Photon Cannon, Archon  
  105  13:55  Zealot x2  
  105  13:56  Zealot x2  
  113  14:07  High Templar x4  
  113  14:08  High Templar x2  
  125  14:12  Assimilator  
  125  14:16  Assimilator  
  125  14:17  Zealot  
  125  14:19  Pylon  
  125  14:20  Pylon  
  125  14:22  Pylon  
  125  14:23  Zealot  
  127  14:37  Zealot x2  
  127  14:38  Zealot  
  130  15:06  Archon x2  
  130  15:14  Probe x2  
  130  15:17  Probe  
  133  15:21  Zealot x2  
  133  15:22  Zealot x4  
  133  15:26  Probe x2  
  147  15:29  Probe  
  148  15:37  Pylon  
  148  15:39  Pylon, Photon Cannon  
  132  16:03  Archon  
  122  16:19  Zealot x3  
  122  16:20  Zealot x6  
  140  16:27  Protoss Shields Level 2  
  140  16:57  Zealot x4  
  140  16:58  Zealot  
  146  17:07  Nexus  
  131  17:35  High Templar x3  
  131  17:36  High Templar x4  
  131  17:37  High Templar x2  
  147  17:39  Archon  
  147  17:40  Archon x3  
  149  18:00  Zealot  
  151  18:29  Stargate  
  151  19:33  Phoenix  
  153  19:49  Stargate  
Show
View Real Time Build Order
Export as new Build Order

Wolf Zerg - Winner!

Build Orders: Hatch First 

Get SALT Encoding   

  12  0:01  Drone  
  13  0:12  Overlord  
  13  0:17  Drone  
  14  0:30  Drone x2  
  14  0:34  Drone  
  17  0:55  Hatchery  
  16  0:59  Drone  
  16  1:00  Drone  
  18  1:14  Extractor  
  18  1:16  Spawning Pool  
  18  1:18  Drone  
  17  1:22  Drone  
  18  1:29  Drone  
  19  1:39  Drone  
  20  1:49  Overlord  
  20  2:04  Queen  
  20  2:08  Queen  
  24  2:09  Zergling x4  
  24  2:11  Zergling x2  
  27  2:19  Metabolic Boost  
  27  2:21  Drone  
  28  2:26  Zergling x2  
  29  2:44  Zergling x8  
  32  2:55  Zergling x4  
  33  3:10  Drone, Overlord  
  34  3:19  Drone x2  
  36  3:22  Hatchery  
  35  3:36  Overlord  
  35  3:38  Drone x5  
  35  3:40  Drone  
  41  3:42  Drone  
  42  3:50  Drone x2  
  44  4:03  Drone x6  
  31  4:20  Zergling x8  
  25  4:34  Queen  
  25  4:38  Drone  
  28  4:40  Drone  
  29  4:48  Drone x3  
  32  4:53  Drone  
  32  4:54  Drone  
  34  5:01  Drone x2  
  34  5:02  Drone  
  35  5:10  Drone  
  35  5:11  Drone x2  
  38  5:14  Drone  
  39  5:24  Spine Crawler  
  39  5:25  Drone  
  39  5:26  Drone x2  
  39  5:27  Drone  
  43  5:28  Drone  
  43  5:40  Drone x6  
  49  5:47  Overlord  
  49  5:48  Overlord  
  49  5:55  Lair  
  49  6:01  Evolution Chamber  
  49  6:02  Spore Crawler  
  49  6:03  Evolution Chamber  
  46  6:05  Spore Crawler  
  46  6:07  Drone, Spore Crawler  
  46  6:10  Drone  
  46  6:17  Baneling Nest  
  45  6:19  Drone  
  45  6:20  Drone x2  
  48  6:27  Extractor  
  48  6:29  Queen  
  48  6:31  Extractor, Drone x2  
  50  6:33  Drone  
  50  6:36  Zerg Melee Weapons Level 1  
  50  6:39  Zerg Missile Weapons Level 1  
  51  6:43  Drone x2  
  51  6:44  Drone  
  54  6:48  Drone x2  
  54  6:49  Drone  
  54  6:51  Overlord  
  54  6:53  Drone  
  58  7:06  Drone  
  58  7:07  Drone x7  
  64  7:19  Drone  
  64  7:20  Drone x4  
  68  7:24  Extractor  
  68  7:26  Extractor  
  65  7:33  Spire  
  65  7:35  Spire  
  65  7:38  Hydralisk Den  
  65  7:41  Extractor  
  63  7:52  Queen  
  63  7:54  Drone  
  63  7:55  Drone x8  
  74  8:08  Overlord x4  
  74  8:09  Overlord x2  
  74  8:11  Grooved Spines  
  74  8:12  Centrifical Hooks  
  74  8:15  Hatchery  
  73  8:30  Hydralisk x7  
  73  8:32  Zergling x2  
  74  8:43  Hydralisk x2  
  74  8:45  Zergling x4  
  74  8:46  Zergling x2  
  73  9:08  Zergling x2  
  73  9:09  Zergling x16  
  73  9:20  Zergling x2  
  73  9:21  Zergling x8  
  73  9:22  Muscular Augments  
  78  9:29  Hydralisk  
  68  9:41  Baneling x13  
  68  9:42  Baneling x5  
  68  9:45  Hydralisk  
  66  9:46  Hydralisk  
  66  9:47  Zergling x8  
  66  9:48  Zergling x2  
  75  9:54  Overseer  
  60  10:16  Hydralisk x4, Zergling x2  
  60  10:18  Zergling x6  
  67  10:33  Hydralisk x2  
  67  10:47  Hydralisk  
  67  10:48  Hydralisk x2  
  65  11:04  Hatchery  
  65  11:10  Overseer  
  62  11:12  Hydralisk x4, Zergling x2  
  57  11:29  Hydralisk  
  57  11:30  Hydralisk x3  
  57  11:31  Zergling x2  
  65  11:52  Hatchery  
  64  12:03  Hydralisk, Hatchery  
  64  12:04  Hydralisk x4  
  72  12:33  Hydralisk  
  72  12:34  Hydralisk x6  
  72  12:37  Zergling x2  
  87  12:39  Zergling x2  
  88  12:48  Drone x2  
  90  12:55  Lurker Den  
  89  13:02  Drone  
  89  13:03  Drone x6  
  96  13:06  Drone  
  97  13:18  Drone  
  97  13:19  Drone x3  
  101  13:47  Hatchery  
  98  14:09  Hydralisk x6  
  100  14:10  Hydralisk  
  100  14:13  Overlord x4  
  112  14:20  Zerg Missile Weapons Level 2  
  112  14:24  Zerg Ground Armor Level 1  
  112  14:28  Drone  
  112  14:31  Drone x2  
  115  14:43  Drone  
  115  14:44  Drone x5  
  121  14:48  Drone  
  121  14:49  Drone x2  
  124  15:09  Drone  
  124  15:10  Drone x10  
  124  15:12  Drone  
  136  15:15  Extractor  
  136  15:16  Extractor  
  136  15:18  Drone x2  
  136  15:19  Drone  
  137  15:42  Pneumatized Carapace  
  137  15:53  Queen  
  139  16:05  Hydralisk, Zergling x2  
  139  16:06  Hydralisk x5  
  139  16:08  Overlord  
  139  16:09  Overlord x4  
  139  16:10  Extractor  
  151  16:12  Extractor  
  151  16:14  Queen  
  152  16:28  Zergling x2  
  152  16:29  Zergling x16, Hatchery  
  160  16:37  Overseer  
  159  17:02  Hydralisk  
  159  17:03  Hydralisk x14  
  159  17:05  Zergling x2  
  183  18:37  Spire  
  164  19:53  Hatchery  
Tags
 
Add a new tag
Caveats
  • Supply blocks, unpowered buildings, or Contaminate may cause inaccurate times.
  • Supply counts are checked every 10 seconds.